[Event "Titled Tuesday Blitz March 22 Early 2022"]
[White "Baker, Chris W"]
[Black "Toncheva, Nadya"]
[WhiteFideId "401676"]
[BlackFideId "2924056"]
[WhiteElo "2314"]
[BlackElo "1884"]
[Result "1-0"]
[Round "11"]
[TimeControl "180+1"]
[Date "2022.03.22"]
[WhiteClock "0:00:06"]
[BlackClock "0:00:05"]

1. c4 c6 2. Nf3 d5 3. g3 dxc4 4. Bg2 Nf6 5. O-O Bf5 6. Na3 Nbd7 7. Nxc4 Nb6 8. Na5 Qc8 9. d3 Bh3 10. Bxh3 Qxh3 11. Nxb7 h5 12. Qc2 h4 13. Qxc6+ Nfd7 14. Ng5 Qf5 15. Qf3 Qg6 16. Na5 e6 17. Nc4 hxg3 18. fxg3 Bc5+ 19. Kg2 f5 20. Nxb6 Nxb6 21. Qc6+ Kd8 22. Nxe6+ Ke7 23. Bg5+ Kf7 24. Qxc5 Qxe6 25. Qxf5+ Qxf5 26. Rxf5+ Kg6 27. e4 Rac8 28. h4 Rc2+ 29. Kh3 Rxb2 30. Rc1 Rc8 31. Rxc8 Nxc8 32. Rc5 Nb6 33. a4 Nxa4 34. Ra5 Nc3 35. Rxa7 Ne2 36. Ra6+ Kh7 37. Kg4 Rb3 38. Rd6 Nc3 39. e5 Nb5 40. Rd7 Rb4+ 41. Kh5 Nd4 42. Bf6 Kg8 43. Rxg7+ Kf8 44. g4 Rb5 45. Rd7 Ne6 46. g5 Rb4 47. Be7+ Ke8 48. Bxb4 Kxd7 49. Kh6 Nf4 50. g6 Ke8 51. h5 Ne6 52. Kh7 Ng5+ 53. Kg8 Ne6 54. h6 1-0


[Site "https://www.chess.com"]

[Event "Titled Tuesday Blitz March 22 Early 2022"]
[White "Buscar, Michael"]
[Black "Olsen, Filip Boe"]
[WhiteFideId "2603616"]
[BlackFideId "1440640"]
[WhiteElo "2010"]
[BlackElo "2188"]
[Result "1-0"]
[Round "11"]
[TimeControl "180+1"]
[Date "2022.03.22"]
[WhiteClock "0:00:20"]
[BlackClock "0:00:07"]

1. d4 Nf6 2. c4 e6 3. Nf3 d5 4. g3 dxc4 5. Bg2 c5 6. Qa4+ Bd7 7. Qxc4 Bc6 8. dxc5 Bd5 9. Qa4+ Bc6 10. Qc4 Ne4 11. Be3 Bd5 12. Qa4+ Bc6 13. Qc4 Qd5 14. Qxd5 Bxd5 15. O-O Bxc5 16. Bxc5 Nxc5 17. Rc1 Nbd7 18. b4 Ne4 19. Nc3 Nxc3 20. Rxc3 O-O 21. Rc7 Nb6 22. Ne5 Rac8 23. Rac1 Rxc7 24. Rxc7 Rc8 25. Rxc8+ Nxc8 26. Bxd5 exd5 27. e3 Kf8 28. Kf1 Ke7 29. Ke2 f6 30. Nf3 Nd6 31. Nd4 Ne4 32. a3 a6 33. f3 Nc3+ 34. Kd3 Nd1 35. Nf5+ Kf8 36. Nd6 b6 37. Nc8 b5 38. Nb6 Nb2+ 39. Kc3 Nc4 40. Nxd5 Nxa3 41. Nc7 Nc4 42. e4 Ne5 43. f4 Ng4 44. Nxa6 Nxh2 45. Nc7 Nf1 46. Nxb5 Nxg3 47. Kd4 h5 48. Ke3 Ke7 49. Nd4 Kd6 50. Kf3 h4 51. b5 g5 52. fxg5 fxg5 53. Nf5+ Kc5 54. Nxg3 hxg3 55. Kxg3 Kxb5 56. Kg4 Kc6 57. Kxg5 Kd7 58. Kf6 Kd8 59. Ke6 Ke8 60. e5 Kf8 61. Kd7 Kf7 62. e6+ Kf6 63. e7 1-0


[Site "https://www.chess.com"]

[Event "Titled Tuesday Blitz March 22 Early 2022"]
[White "Chen, Qi b"]
[Black "Borodavkin, Anatoly"]
[WhiteFideId "8614733"]
[BlackFideId "14150662"]
[WhiteElo "2432"]
[BlackElo "1845"]
[Result "1-0"]
[Round "11"]
[TimeControl "180+1"]
[Date "2022.03.22"]
[WhiteClock "0:00:39"]
[BlackClock "0:00:03"]

1. d4 d5 2. c4 Nc6 3. Nf3 Bg4 4. cxd5 Bxf3 5. gxf3 Qxd5 6. e3 e5 7. Nc3 Bb4 8. Bd2 Bxc3 9. bxc3 Qd6 10. Rg1 Nge7 11. Qb3 O-O 12. O-O-O a5 13. Rg5 a4 14. Qc2 Ng6 15. Bd3 Rfb8 16. h4 h6 17. Rxg6 fxg6 18. Rg1 Ne7 19. dxe5 Qxe5 20. f4 Qd6 21. c4 Rd8 22. Be4 Qa3+ 23. Kb1 Ra6 24. Bc1 Rb6+ 25. Ka1 Qc5 26. h5 Qb4 27. hxg6 Nc6 28. Bd5+ Kf8 29. Qf5+ Ke8 30. Qf7# 1-0


[Site "https://www.chess.com"]

[Event "Titled Tuesday Blitz March 22 Early 2022"]
[White "Cramling Bellon, Anna"]
[Black "Hernandez Bonilla, Amelia"]
[WhiteFideId "32009232"]
[BlackFideId "3900193"]
[WhiteElo "1905"]
[BlackElo "2095"]
[Result "1-0"]
[Round "11"]
[TimeControl "180+1"]
[Date "2022.03.22"]
[WhiteClock "0:00:38"]
[BlackClock "0:00:33"]

1. d4 Nf6 2. c4 e6 3. Nc3 Bb4 4. Qc2 b6 5. e4 Bxc3+ 6. bxc3 d6 7. Nf3 O-O 8. e5 dxe5 9. dxe5 Nfd7 10. Bf4 Nc6 11. Rd1 Qe7 12. Bd3 f5 13. exf6 Nxf6 14. O-O h6 15. Nh4 Ng4 16. Ng6 Qf6 17. Nxf8 Qxf4 18. g3 Qxf8 19. Qe2 Nf6 20. Rfe1 Bd7 21. Bc2 Rd8 22. Rxd7 Rxd7 23. Qxe6+ Qf7 24. Qxc6 Ng4 25. Qa8+ Qf8 26. Re8 1-0


[Site "https://www.chess.com"]

[Event "Titled Tuesday Blitz March 22 Early 2022"]
[White "Deac, Bogdan-Daniel"]
[Black "Petrosyan, Manuel"]
[WhiteFideId "1226380"]
[BlackFideId "13300857"]
[WhiteElo "2646"]
[BlackElo "2592"]
[Result "0-1"]
[Round "11"]
[TimeControl "180+1"]
[Date "2022.03.22"]
[WhiteClock "0:00:10"]
[BlackClock "0:00:03"]

1. d4 Nf6 2. c4 e6 3. Nf3 d5 4. Nc3 Bb4 5. cxd5 exd5 6. Bg5 h6 7. Bh4 O-O 8. e3 Bf5 9. Qb3 Bxc3+ 10. Qxc3 g5 11. Bg3 Ne4 12. Qa3 Nd7 13. Nd2 Nxg3 14. hxg3 Kg7 15. Be2 c6 16. g4 Bg6 17. Nf1 a5 18. Ng3 Qb6 19. Qc3 Qb4 20. a3 Qxc3+ 21. bxc3 b5 22. f3 Nb6 23. e4 Rae8 24. Bd3 dxe4 25. fxe4 Nd5 26. Kd2 Nf4 27. Rh2 Nxd3 28. Kxd3 Re7 29. Nf5+ Bxf5 30. gxf5 f6 31. Rah1 Rh8 32. g4 a4 33. Re2 Rd8 34. Kc2 c5 35. Kd3 cxd4 36. cxd4 Rc7 37. Rb1 Rc4 38. d5 Rdc8 39. Rxb5 Rc3+ 40. Kd2 Rxa3 41. Rb7+ Kg8 42. Re3 Rxe3 43. Kxe3 Ra8 44. Rb2 a3 45. Ra2 Kf7 46. Kd4 Ke7 47. Kc5 Ra4 48. Kb5 Rxe4 49. Rxa3 Kd6 50. Ra6+ Kxd5 51. Rxf6 Rxg4 52. Rxh6 Rf4 53. f6 Ke5 54. Rg6 Kf5 55. Rg8 Kxf6 56. Kc5 Kf5 57. Kd5 Kg4 58. Ke5 Ra4 59. Rg7 Kh4 60. Kf5 g4 61. Rh7+ Kg3 62. Rb7 Ra5+ 63. Ke4 Ra4+ 64. Ke3 Kh3 65. Rh7+ Kg3 66. Rg7 Kg2 67. Ke2 g3 68. Rg8 Re4+ 69. Kd3 Re7 70. Kd2 Kf2 71. Rf8+ Kg1 72. Rg8 g2 73. Rh8 Re5 74. Kd3 Kf2 75. Rf8+ Kg3 76. Rg8+ Kf3 77. Kd4 Re1 78. Rf8+ Ke2 79. Re8+ Kd2 80. Rg8 g1=Q+ 81. Rxg1 Rxg1 0-1


[Site "https://www.chess.com"]

[Event "Titled Tuesday Blitz March 22 Early 2022"]
[White "Demin, Vladimir"]
[Black "Tanenbaum, Zachary"]
[WhiteFideId "4167457"]
[BlackFideId "2060850"]
[WhiteElo "2535"]
[BlackElo "2168"]
[Result "0-1"]
[Round "11"]
[TimeControl "180+1"]
[Date "2022.03.22"]
[WhiteClock "0:00:21"]
[BlackClock "0:00:11"]

1. d4 d5 2. Bf4 Nf6 3. e3 c5 4. Nc3 cxd4 5. exd4 a6 6. Bd3 Nc6 7. Nge2 Bg4 8. h3 Bh5 9. g4 Bg6 10. Qd2 e6 11. a3 Bd6 12. f3 Rc8 13. h4 Bxd3 14. cxd3 Na5 15. Qe3 Bxf4 16. Qxf4 Qb6 17. b4 Nb3 18. Rd1 Nxd4 19. Nxd4 Rxc3 20. h5 O-O 21. h6 e5 22. Qg5 g6 23. Nf5 Re8 24. Rh2 Qg1+ 25. Kd2 Qxh2+ 26. Kxc3 Rc8+ 0-1


[Site "https://www.chess.com"]

[Event "Titled Tuesday Blitz March 22 Early 2022"]
[White "Dilmukhametov, Artur"]
[Black "Kornyukov, Alexey"]
[WhiteFideId "24179922"]
[BlackFideId "4150457"]
[WhiteElo "2237"]
[BlackElo "2303"]
[Result "1-0"]
[Round "11"]
[TimeControl "180+1"]
[Date "2022.03.22"]
[WhiteClock "0:02:32"]
[BlackClock "0:00:14"]

1. d4 d5 2. Nc3 e6 3. Bf4 Nf6 4. e3 Bd6 5. Bxd6 Qxd6 6. Nf3 O-O 7. Bd3 c5 8. b3 a6 9. Qd2 b5 10. a3 c4 11. bxc4 bxc4 12. Be2 Bb7 13. O-O Nc6 14. Rab1 Qc7 15. a4 Rae8 16. Ne5 Nxe5 17. dxe5 Qd7 1-0


[Site "https://www.chess.com"]

[Event "Titled Tuesday Blitz March 22 Early 2022"]
[White "Dinu, Dumitru-Daniel"]
[Black "Sadovsky, Artem"]
[WhiteFideId "1208403"]
[BlackFideId "4155840"]
[WhiteElo "2240"]
[BlackElo "2314"]
[Result "0-1"]
[Round "11"]
[TimeControl "180+1"]
[Date "2022.03.22"]
[WhiteClock "0:00:10"]
[BlackClock "0:01:22"]

1. e4 g6 2. d4 Bg7 3. Nc3 c6 4. Be3 d5 5. e5 h5 6. Qd2 Nh6 7. h3 Nf5 8. Bf4 b5 9. a3 a5 10. Nf3 Na6 11. Bd3 Nc7 12. Ne2 a4 13. O-O-O h4 14. g4 hxg3 15. fxg3 Ne6 16. g4 Nh4 17. Nxh4 Nxf4 18. Qxf4 Rxh4 19. Kb1 Bh6 20. Qf2 Bg5 21. Rdf1 Be6 22. Nf4 Kd7 23. Nxe6 fxe6 24. Bxg6 Qg8 25. Bf7 Qh7 26. Bh5 Rxh5 27. gxh5 Qxh5 28. Rhg1 b4 29. Qf3 Qh6 30. Rg4 Rb8 31. Rfg1 Bd2 32. Rg6 Qe3 33. Qf7 Qxh3 34. R6g3 Qh4 35. Qf2 Bf4 36. Rf3 Qxf2 37. Rxf2 Be3 38. Rgf1 Bxf2 39. Rxf2 bxa3 40. Ka2 axb2 41. Rf1 b1=Q+ 42. Rxb1 Rxb1 43. Kxb1 c5 44. c3 cxd4 45. cxd4 Kc6 46. Kb2 Kb5 47. Kc3 Ka5 48. Kb2 Kb4 49. Kc2 a3 50. Kb1 Kb3 51. Ka1 Kc4 52. Ka2 Kxd4 53. Kxa3 Kxe5 54. Kb3 Kd4 0-1


[Site "https://www.chess.com"]

[Event "Titled Tuesday Blitz March 22 Early 2022"]
[White "Donchenko, Anatoly"]
[Black "Winkels, Marcel"]
[WhiteFideId "4106091"]
[BlackFideId "1003887"]
[WhiteElo "2339"]
[BlackElo "1900"]
[Result "1-0"]
[Round "11"]
[TimeControl "180+1"]
[Date "2022.03.22"]
[WhiteClock "0:01:42"]
[BlackClock "0:00:09"]

1. Nf3 Nf6 2. d4 g6 3. c4 Bg7 4. Nc3 O-O 5. e4 d6 6. Be2 e5 7. dxe5 dxe5 8. Qxd8 Rxd8 9. Bg5 c6 10. Nxe5 Re8 11. O-O-O Nxe4 12. Nxe4 Bxe5 13. Nd6 Bxd6 14. Rxd6 Be6 15. Be3 Na6 16. b3 Nc7 17. Rhd1 a5 18. Kb2 a4 19. Bb6 Rec8 20. b4 Na6 21. a3 h5 22. h4 Re8 23. Kc3 Rac8 24. Rd8 Rcxd8 25. Rxd8 Rxd8 26. Bxd8 Nb8 27. Bd1 Nd7 28. Bc7 Nf6 29. f3 Ne8 30. Be5 b5 31. cxb5 cxb5 32. Be2 Bd7 33. Kd4 f6 34. Bf4 Ng7 35. Kd5 Ne6 36. Be3 Kf7 37. Kd6 Ke8 38. g4 hxg4 39. fxg4 f5 40. h5 gxh5 41. gxf5 Ng7 42. f6 Nf5+ 43. Kc5 Nxe3 44. Bxh5+ Kf8 45. Be2 Kf7 46. Bxb5 Bxb5 47. Kxb5 Nc2 48. Kxa4 Kxf6 49. Kb3 Nd4+ 50. Kc4 Nc6 51. b5 Na5+ 52. Kb4 Nb7 53. a4 Ke6 54. a5 Kd6 55. a6 Nc5 56. a7 1-0


[Site "https://www.chess.com"]

[Event "Titled Tuesday Blitz March 22 Early 2022"]
[White "Dreev, Aleksey"]
[Black "Yeletsky, Ivan"]
[WhiteFideId "4100107"]
[BlackFideId "24180327"]
[WhiteElo "2625"]
[BlackElo "2303"]
[Result "0-1"]
[Round "11"]
[TimeControl "180+1"]
[Date "2022.03.22"]
[WhiteClock "0:00:11"]
[BlackClock "0:00:07"]

1. d4 Nf6 2. c4 e6 3. Nc3 Bb4 4. Qc2 O-O 5. a3 Bxc3+ 6. Qxc3 b5 7. cxb5 c6 8. Bg5 cxb5 9. e3 a6 10. Nf3 Bb7 11. Be2 h6 12. Bh4 d6 13. O-O Nbd7 14. Qb4 Nb6 15. Rfc1 g5 16. Bg3 Ne4 17. Qa5 Nd5 18. Qxd8 Rfxd8 19. Bd3 Ndf6 20. Rc7 Bd5 21. Rac1 Rab8 22. Ne1 Nxg3 23. hxg3 Bb7 24. R7c2 Rbc8 25. Rxc8 Rxc8 26. Rxc8+ Bxc8 27. e4 e5 28. Nc2 Kf8 29. f3 h5 30. Kf2 Ke7 31. Ke3 h4 32. gxh4 gxh4 33. Nb4 Bb7 34. b3 Nh5 35. a4 bxa4 36. bxa4 Nf4 37. Bf1 a5 38. Na2 Ne6 39. d5 Nc5 40. Nc3 Bc8 41. Bb5 f5 42. Be2 f4+ 43. Kf2 Bd7 44. Bd1 Kf6 45. Bc2 h3 46. gxh3 Bxh3 47. Nb5 Ke7 48. Na3 Bd7 49. Nc4 Nb7 50. Nb6 Kd8 51. Ke2 Kc7 52. Nc4 Nc5 53. Nxa5 Bxa4 54. Bxa4 Nxa4 55. Nc4 Nc5 56. Kf2 Nb3 57. Kg2 Nd4 58. Kf2 Nb3 59. Kg2 Nd4 60. Nd2 Kb6 61. Kh3 Kc5 62. Kg4 Kb4 63. Kg5 Kc3 64. Nf1 Nxf3+ 65. Kf6 Nd2 66. Nh2 Nxe4+ 67. Ke6 Kd3 68. Nf3 Ke3 69. Nh4 f3 70. Nf5+ Kd3 71. Nxd6 f2 72. Nxe4 Kxe4 73. d6 f1=Q 74. d7 Qf5+ 0-1


[Site "https://www.chess.com"]

[Event "Titled Tuesday Blitz March 22 Early 2022"]
[White "Dwilewicz, Katarzyna"]
[Black "Omelja, Artem"]
[WhiteFideId "1148486"]
[BlackFideId "14119846"]
[WhiteElo "1907"]
[BlackElo "2382"]
[Result "1/2-1/2"]
[Round "11"]
[TimeControl "180+1"]
[Date "2022.03.22"]
[WhiteClock "0:00:23"]
[BlackClock "0:00:11"]

1. e4 c5 2. Nf3 e6 3. d4 cxd4 4. Nxd4 Nf6 5. Nc3 Nc6 6. a3 Bc5 7. Nb3 Be7 8. Be2 O-O 9. O-O d5 10. exd5 exd5 11. Bg5 Be6 12. Bf3 d4 13. Bxf6 Bxf6 14. Ne4 Bxb3 15. Nxf6+ Qxf6 16. cxb3 Rfd8 17. Bxc6 Qxc6 18. Qd3 Rac8 19. Rad1 Qc2 20. Rd2 Qxd3 21. Rxd3 Rc2 22. Rb1 Re8 23. Rxd4 Rxb2 24. Rdd1 Ra2 25. Ra1 Rb2 26. Rab1 Rbe2 27. Kf1 Ra2 28. Ra1 Rae2 29. Re1 Rxe1+ 30. Rxe1 Rxe1+ 31. Kxe1 Kf8 32. Kd2 Ke7 33. Kd3 Kd7 34. a4 Kd6 35. b4 h6 36. Kd4 g6 37. h3 f6 38. f4 g5 39. g3 f5 40. fxg5 hxg5 41. h4 f4 42. hxg5 fxg3 43. Ke3 Ke6 44. Kf3 Kf5 45. Kxg3 Kxg5 46. Kf3 Kf5 47. Ke3 Ke5 48. Kd3 Kd5 49. Kc3 a6 50. a5 Ke5 51. Kc4 Kd6 52. Kd4 Kc6 53. Kc4 Kd6 54. Kd4 Kc6 55. Kc4 b5+ 56. axb6 Kxb6 57. Kc3 Kb5 58. Kb3 Kb6 59. Ka4 Kc6 60. Ka5 Kb7 61. b5 axb5 62. Kxb5 1/2-1/2


[Site "https://www.chess.com"]

[Event "Titled Tuesday Blitz March 22 Early 2022"]
[White "Fernandez, Daniel Howard"]
[Black "Murzin, Volodar"]
[WhiteFideId "5801605"]
[BlackFideId "44155573"]
[WhiteElo "2466"]
[BlackElo "2585"]
[Result "1-0"]
[Round "11"]
[TimeControl "180+1"]
[Date "2022.03.22"]
[WhiteClock "0:00:08"]
[BlackClock "0:00:03"]

1. e4 c6 2. d4 d5 3. exd5 cxd5 4. Bd3 Nc6 5. c3 g6 6. Nf3 Bf5 7. Bxf5 gxf5 8. O-O e6 9. Bf4 Bd6 10. Bxd6 Qxd6 11. Re1 Nge7 12. Nbd2 Ng6 13. c4 O-O 14. Rc1 Rfd8 15. cxd5 Qxd5 16. Nb3 Rac8 17. Qd2 b6 18. Qh6 f6 19. h4 Rf8 20. h5 Nge7 21. Rxe6 Rf7 22. Rxf6 Rg7 23. Ng5 f4 24. Nf3 Qxf3 25. Rg6 hxg6 26. gxf3 Rf8 27. Kf1 Rh7 28. Qg5 Rxh5 29. Qg4 Kf7 30. Rd1 Rd5 31. Qxf4+ Kg7 32. Qg4 Rdf5 33. Rd3 Nd5 34. Qe4 Ncb4 35. Rd1 Rxf3 36. Qe5+ Kh7 37. Rd2 Ne3+ 38. Kg1 Ned5 39. a3 Nc6 40. Qxd5 Ne7 41. Qd7 R8f7 42. d5 Nf5 43. Qxf7+ Kh6 44. Qe6 Nh4 45. Qg4 Rf4 46. Qxf4+ 1-0


[Site "https://www.chess.com"]

[Event "Titled Tuesday Blitz March 22 Early 2022"]
[White "Ferreira, Vitor Hugo Vieira"]
[Black "Namitbir Singh Walia"]
[WhiteFideId "2119765"]
[BlackFideId "35071068"]
[WhiteElo "2165"]
[BlackElo "1565"]
[Result "0-1"]
[Round "11"]
[TimeControl "180+1"]
[Date "2022.03.22"]
[WhiteClock "0:00:47"]
[BlackClock "0:00:24"]

1. Nf3 c5 2. g3 Nc6 3. Bg2 Nf6 4. d4 cxd4 5. Nxd4 g6 6. O-O Bg7 7. c4 O-O 8. Nc3 Qc7 9. b3 Ng4 10. Nd5 Qd8 11. e3 Nf6 12. Bb2 a5 13. Nxc6 dxc6 14. Nxf6+ exf6 15. Qxd8 Rxd8 16. Rfd1 Be6 17. Bc3 a4 18. h4 f5 19. Bxg7 Kxg7 20. Kf1 h6 21. Ke2 g5 22. hxg5 hxg5 23. Rxd8 Rxd8 24. Rd1 Ra8 25. Bf1 axb3 26. axb3 Ra3 27. Rd3 b5 28. Kd2 bxc4 29. bxc4 Ra2+ 30. Kc3 Rxf2 31. Rd1 Rf3 32. Kd3 Rxg3 33. Kd4 c5+ 34. Kxc5 Rxe3 35. Kd6 Rc3 36. c5 g4 37. c6 f4 38. Rd4 f3 39. Rf4 g3 40. c7 g2 41. Bc4 Rxc4 42. Rxc4 g1=Q 43. c8=Q Bxc8 44. Rxc8 Qd4+ 45. Ke7 Qe5+ 46. Kd8 Qd6+ 47. Ke8 Qe6+ 48. Kd8 Qxc8+ 49. Kxc8 f2 50. Kd7 f1=Q 51. Kd6 Qe2 52. Kd5 f5 53. Kd4 f4 54. Kc3 f3 55. Kd4 f2 56. Kc3 f1=Q 0-1


[Site "https://www.chess.com"]

[Event "Titled Tuesday Blitz March 22 Early 2022"]
[White "Fiorito, Fabian"]
[Black "Kozak, Antoni"]
[WhiteFideId "100200"]
[BlackFideId "21832030"]
[WhiteElo "2395"]
[BlackElo "2236"]
[Result "0-1"]
[Round "11"]
[TimeControl "180+1"]
[Date "2022.03.22"]
[WhiteClock "0:00:02"]
[BlackClock "0:00:13"]

1. e4 e5 2. Nf3 Nc6 3. Bc4 Be7 4. d3 Nf6 5. O-O O-O 6. c3 d6 7. h3 Be6 8. Bxe6 fxe6 9. Nbd2 Rb8 10. a4 Qe8 11. Nc4 Qg6 12. Kh1 Nh5 13. Nh2 Bh4 14. Ng4 Rf7 15. Be3 Rbf8 16. Qe2 Bxf2 17. Bxf2 Rxf2 18. Qxf2 Rxf2 19. Rxf2 Nf4 20. Rd1 h5 21. Nge3 d5 22. exd5 exd5 23. Nxe5 Nxe5 24. Rxf4 Nxd3 25. Rf5 Qxf5 26. Nxf5 Nf2+ 27. Kh2 Nxd1 28. Ne7+ Kf7 29. Nxd5 Nxb2 30. Nxc7 Nxa4 31. Nb5 a6 32. Nd6+ Ke7 33. Nxb7 Nxc3 34. Kg3 g5 35. Kf3 Kf6 36. Ke3 Ke5 37. Nc5 a5 38. Kd3 Nd5 39. Ke2 Nf4+ 40. Kf3 Kd5 41. Na4 Nd3 42. Nc3+ Kc4 43. Na4 Nc5 44. Nb6+ Kb3 45. h4 gxh4 46. Kf4 Kb4 47. Kg5 Kb5 48. Nd5 Ne4+ 49. Kxh4 a4 50. Nc7+ Kc4 51. Ne6 a3 52. Kxh5 a2 0-1


[Site "https://www.chess.com"]

[Event "Titled Tuesday Blitz March 22 Early 2022"]
[White "Gaehwiler, Gabriel"]
[Black "Saldano Dayer, Horacio"]
[WhiteFideId "1314530"]
[BlackFideId "103411"]
[WhiteElo "2383"]
[BlackElo "2419"]
[Result "1-0"]
[Round "11"]
[TimeControl "180+1"]
[Date "2022.03.22"]
[WhiteClock "0:00:12"]
[BlackClock "0:00:08"]

1. d4 Nf6 2. c4 g6 3. Nf3 Bg7 4. g3 O-O 5. Bg2 d6 6. O-O Bf5 7. Nc3 c6 8. Re1 Ne4 9. Bd2 Nxc3 10. Bxc3 Be4 11. Nd2 Bxg2 12. Kxg2 d5 13. Qb3 Qb6 14. e3 e6 15. Qa3 Qa6 16. Qe7 dxc4 17. h4 h5 18. a4 b6 19. g4 hxg4 20. h5 Qc8 21. hxg6 fxg6 22. Nxc4 Qd7 23. Qxd7 Nxd7 24. Rh1 Rf5 25. Nd6 Rf3 26. Rh4 Raf8 27. Ne4 Nf6 28. Ng5 Rf5 29. Nxe6 Rf7 30. Nxg7 Kxg7 31. d5 cxd5 32. Rxg4 Kf8 33. Rxg6 Ne4 34. f4 Nxc3 35. bxc3 Rc7 36. Ra3 Kf7 37. Rg3 Rf6 38. Rg5 Rfc6 39. Rxd5 Rxc3 40. Rxc3 Rxc3 41. Kf3 Ke6 42. Rd4 a6 43. Ke4 b5 44. f5+ Ke7 45. axb5 axb5 46. Kf4 Rb3 47. e4 b4 48. Ke5 Rb1 49. f6+ Ke8 50. Ke6 Rf1 51. Rxb4 Kd8 52. Rd4+ Ke8 53. e5 Rf4 54. Rxf4 1-0


[Site "https://www.chess.com"]

[Event "Titled Tuesday Blitz March 22 Early 2022"]
[White "Gatterer, Florian"]
[Black "Estrada Nieto, Julian"]
[WhiteFideId "811688"]
[BlackFideId "5101018"]
[WhiteElo "2218"]
[BlackElo "2246"]
[Result "1/2-1/2"]
[Round "11"]
[TimeControl "180+1"]
[Date "2022.03.22"]
[WhiteClock "0:00:18"]
[BlackClock "0:00:15"]

1. c4 e5 2. Nc3 Nf6 3. Nf3 Nc6 4. e3 Bb4 5. Qc2 Bxc3 6. Qxc3 Qe7 7. b3 O-O 8. Bb2 Re8 9. Be2 d5 10. cxd5 Nxd5 11. Qc2 Bg4 12. h3 Bh5 13. a3 e4 14. Nd4 Nxd4 15. Bxd4 Bxe2 16. Kxe2 b6 17. b4 Rad8 18. Rhc1 Qg5 19. Kf1 Rd6 20. Qd1 h5 21. g3 h4 22. gxh4 Qxh4 23. Qg4 Qxg4 24. hxg4 Rg6 25. f4 exf3 26. Kf2 Rxg4 27. Kxf3 Rge4 28. Rg1 f6 29. Rac1 Kf7 30. Rg4 Rxg4 31. Kxg4 Ke6 32. e4 Ne7 33. Rxc7 Rd8 34. Be3 Rd7 35. Rxd7 Kxd7 36. d4 Ke6 37. Kf3 f5 38. Bg5 fxe4+ 39. Kxe4 Nd5 40. Bh4 b5 41. Bg3 g6 42. Bb8 a6 43. Be5 Nc3+ 44. Kd3 Nb1 45. Ke4 Nxa3 46. d5+ Kd7 47. Kd4 Nc4 48. Bf4 a5 49. bxa5 Nxa5 50. Kc5 Nb7+ 51. Kxb5 Nd6+ 52. Bxd6 Kxd6 53. Kc4 g5 54. Kd4 g4 55. Ke4 g3 56. Kf3 Kxd5 57. Kg2 Ke4 58. Kxg3 1/2-1/2


[Site "https://www.chess.com"]

[Event "Titled Tuesday Blitz March 22 Early 2022"]
[White "Golubka, Petro"]
[Black "Mkrtchyan, Mariam"]
[WhiteFideId "14114224"]
[BlackFideId "13310828"]
[WhiteElo "2346"]
[BlackElo "1984"]
[Result "0-1"]
[Round "11"]
[TimeControl "180+1"]
[Date "2022.03.22"]
[WhiteClock "0:01:16"]
[BlackClock "0:00:30"]

1. d4 d6 2. f4 d5 3. c4 c6 4. Nd2 Nf6 5. e3 Bf5 6. Ngf3 e6 7. a3 h6 8. Qb3 Qc7 9. Bd3 Nbd7 10. O-O Bd6 11. Ne5 O-O 12. Ndf3 Bxd3 13. Nxd3 c5 14. dxc5 Nxc5 15. Nxc5 Bxc5 16. cxd5 exd5 17. Bd2 Rfe8 18. Rac1 Qb6 19. Qxb6 Bxb6 20. Rfe1 Ne4 21. Bc3 Nxc3 22. Rxc3 d4 23. Rd3 dxe3 24. Kf1 Rac8 25. Ne5 Rc2 26. Re2 Rec8 27. Rb3 Rc1+ 28. Re1 Rxe1+ 29. Kxe1 Rc2 30. Ng4 Ba5+ 31. Kd1 Rd2+ 32. Kc1 e2 0-1


[Site "https://www.chess.com"]

[Event "Titled Tuesday Blitz March 22 Early 2022"]
[White "Goriatchkin, Jouri"]
[Black "Bachmann, Axel"]
[WhiteFideId "4120183"]
[BlackFideId "3700488"]
[WhiteElo "1644"]
[BlackElo "2587"]
[Result "0-1"]
[Round "11"]
[TimeControl "180+1"]
[Date "2022.03.22"]
[WhiteClock "0:00:14"]
[BlackClock "0:00:04"]

1. d4 Nf6 2. Bg5 c5 3. Bxf6 exf6 4. d5 d6 5. Nc3 g6 6. e4 Bg7 7. Nf3 O-O 8. Bd3 f5 9. O-O fxe4 10. Bxe4 Re8 11. Re1 Nd7 12. Qd2 Nf6 13. Bd3 a6 14. Rxe8+ Qxe8 15. Re1 Qd8 16. a4 Bd7 17. Bc4 Rb8 18. Bb3 b5 19. axb5 axb5 20. Qf4 b4 21. Nd1 Bb5 22. Ne3 Nh5 23. Qg4 Bxb2 24. Nc4 Bc3 25. Rd1 Qf6 26. Qe4 Re8 27. Qd3 Nf4 28. Qf1 Ne2+ 29. Kh1 Qf4 30. Nfd2 Bxd2 31. Nxd2 Qh6 32. Qe1 Ng3+ 33. fxg3 Rxe1+ 34. Rxe1 Qxd2 35. Rg1 Kg7 36. h3 c4 37. Kh2 cxb3 38. cxb3 Qxd5 39. Re1 Qxb3 40. Rc1 Qb2 41. Rg1 Bc6 42. h4 h5 43. Kh3 Bd7+ 44. Kh2 Be6 45. Re1 Bd5 46. Rg1 Qc2 47. Kh3 b3 48. Kh2 b2 49. Rf1 Qxg2# 0-1


[Site "https://www.chess.com"]

[Event "Titled Tuesday Blitz March 22 Early 2022"]
[White "Grandelius, Nils"]
[Black "Demchenko, Anton"]
[WhiteFideId "1710400"]
[BlackFideId "4160258"]
[WhiteElo "2617"]
[BlackElo "2539"]
[Result "0-1"]
[Round "11"]
[TimeControl "180+1"]
[Date "2022.03.22"]
[WhiteClock "0:00:33"]
[BlackClock "0:00:09"]

1. Nf3 Nf6 2. g3 g6 3. Bg2 Bg7 4. O-O O-O 5. d4 d6 6. Re1 Nbd7 7. e4 e5 8. Nc3 b6 9. a4 a6 10. b3 Bb7 11. dxe5 dxe5 12. Ba3 Re8 13. Qe2 Bf8 14. Bxf8 Kxf8 15. Rad1 Qe7 16. Nd5 Bxd5 17. exd5 Qc5 18. Qd2 Qd6 19. a5 b5 20. c4 bxc4 21. bxc4 Rab8 22. Bh3 Nc5 23. Qg5 e4 24. Nd4 Re5 25. Qh6+ Kg8 26. Nc6 Rh5 27. Qe3 Rb3 28. Qxb3 Nxb3 29. Bg2 Nc5 30. h3 Re5 31. Nxe5 Qxe5 32. Rb1 Qd4 33. Rec1 Nd3 34. Rc2 e3 35. fxe3 Qxe3+ 36. Kh2 Ne4 37. Bxe4 Qxe4 38. Rf1 Ne5 39. Rcf2 Qxc4 40. d6 cxd6 0-1


[Site "https://www.chess.com"]

[Event "Titled Tuesday Blitz March 22 Early 2022"]
[White "Grieve, Harry"]
[Black "Ciolacu, Alessia-Mihaela"]
[WhiteFideId "426520"]
[BlackFideId "1252640"]
[WhiteElo "2294"]
[BlackElo "1777"]
[Result "1-0"]
[Round "11"]
[TimeControl "180+1"]
[Date "2022.03.22"]
[WhiteClock "0:00:39"]
[BlackClock "0:01:16"]

1. d4 Nf6 2. Bg5 d5 3. Nd2 Bf5 4. Bxf6 exf6 5. e3 Bd6 6. g3 O-O 7. Bg2 c6 8. Ne2 Qb6 9. b3 a5 10. c4 dxc4 11. bxc4 Qb2 12. c5 Bc7 13. O-O b6 14. cxb6 Qxb6 15. Nc4 Qb5 16. Rc1 Na6 17. Qb3 a4 18. Qa3 Ba5 19. Nxa5 Qxa5 20. Rxc6 Nb4 21. Rc5 Nc2 22. Rxa5 Nxa3 23. Rxf5 Nc2 24. Rc5 Nb4 25. a3 Nd3 26. Rc3 Nb2 27. Bxa8 1-0


[Site "https://www.chess.com"]

[Event "Titled Tuesday Blitz March 22 Early 2022"]
[White "Grischuk, Alexander"]
[Black "Narayanan.S.L"]
[WhiteFideId "4126025"]
[BlackFideId "5058422"]
[WhiteElo "2762"]
[BlackElo "2494"]
[Result "1/2-1/2"]
[Round "11"]
[TimeControl "180+1"]
[Date "2022.03.22"]
[WhiteClock "0:00:05"]
[BlackClock "0:00:21"]

1. e4 c5 2. Nc3 Nc6 3. Nf3 e6 4. d4 cxd4 5. Nxd4 Qc7 6. Be3 a6 7. a3 b5 8. Nxc6 dxc6 9. Qg4 Nf6 10. Qg3 Qxg3 11. hxg3 Nd7 12. g4 Bb7 13. g5 c5 14. f3 g6 15. Kf2 Bg7 16. Be2 Rc8 17. Rad1 Ke7 18. Rd2 Rc7 19. Bf4 Ne5 20. Nd1 Rd7 21. Rxd7+ Nxd7 22. b3 Bd4+ 23. Be3 Bc6 24. Ke1 a5 25. Kd2 Be5 26. Nf2 b4 27. a4 Bc3+ 28. Kc1 Bd4 29. Ng4 h5 30. gxh6 f5 31. Bxd4 cxd4 32. Nf2 Kf6 33. Kd2 Nc5 34. Bd3 e5 35. Ke2 Ne6 36. g3 Ng5 37. Rh4 Rh7 38. Nh3 Nxf3 39. Kxf3 g5 40. Rh5 g4+ 41. Kf2 gxh3 42. Rxf5+ Ke6 43. Rh5 Kf6 44. Rxh3 Kg5 45. Rh4 Rxh6 46. Rxh6 Kxh6 47. Kf3 Kg5 48. Kf2 Bb7 49. Kf3 Bc8 50. Kf2 Bb7 51. Kf3 Bc8 52. Kf2 Bb7 1/2-1/2


[Site "https://www.chess.com"]